 Dungeon Crawl Stone Soup version 0.29-a0-817-g9904bce7a6 (webtiles) character file.

Game seed: 13008619569145931303

6948 Zeld the Cleaver (level 10, -2/92 HPs)
             Began as a Minotaur Berserker on July 5, 2022.
             Was an Elder of Trog.
             Slain by an orc warlord
             ... wielding a +3 war axe
              (22 damage)
             ... in a bailey.
             The game lasted 00:13:38 (13754 turns).

Zeld the Cleaver (Minotaur Berserker)              Turns: 13754, Time: 00:13:39

Health: -2/92      AC: 10    Str: 26    XL:     10   Next: 80%
Magic:  9/9        EV: 14    Int:  6    God:    Trog [****..]
Gold:   958        SH:  0    Dex: 10    Spells: 9/9 levels left

rFire   . . .      SeeInvis +   p - +1 dagger (venom)
rCold   . . .      Faith    .   (no shield)
rNeg    . . .      Spirit   .   s - +3 robe of Clouds {*Thunder rCloud rElec}
rPois   .          Reflect  .   c - +3 crown of Dyrovepreva {rElec Int+2 SInv}
rElec   +          Harm     .   (no cloak)
rCorr   .          Rampage  .   (no gloves)
Will    .....                   i - +0 pair of boots
Stlth   +.........              (no amulet)
HPRegen 0.25/turn               (no ring)
MPRegen 0.11/turn               (no ring)

@: on berserk cooldown, slowed, very slow
A: horns 2, retaliatory headbutt
a: Renounce Religion, Berserk, Trog's Hand, Brothers in Arms


You were in a bailey.
You worshipped Trog.
Trog was greatly pleased with you.
You visited 2 branches of the dungeon, and saw 10 of its levels.
You also visited: Bailey.

You collected 1268 gold pieces.
You spent 310 gold pieces at shops.

Inventory:

Hand Weapons
 a - a +2 broad axe
 p - a +1 dagger of venom (weapon)
 G - a +0 broad axe
Missiles
 d - 11 boomerangs
 f - 41 poisoned darts
 q - 2 throwing nets
 B - 6 javelins
 F - 6 curare-tipped darts
Armour
 b - a +0 plate armour
 c - the +3 crown of Dyrovepreva (worn) {rElec Int+2 SInv}
   (You acquired it on level 7 of the Dungeon)

   Int:       It affects your intelligence (+2).
   rElec:     It insulates you from electricity.
   SInv:      It lets you see invisible.
 i - a +0 pair of boots (worn)
 s - the +3 robe of Clouds (worn) {*Thunder rCloud rElec}
   (You took it off an orc in a bailey)

   It occasionally creates storm clouds above nearby enemies.
   It grants its wearer immunity to clouds.
   rElec:     It insulates you from electricity.
Wands
 r - a wand of paralysis (2)
 y - a wand of acid (13)
 A - a wand of roots (16)
Scrolls
 g - 4 scrolls of enchant armour
 j - 4 scrolls of fear
 l - 4 scrolls of teleportation
 m - 3 scrolls of fog
 t - a scroll of poison {unknown}
 C - 2 scrolls of magic mapping
 D - a scroll of summoning {unknown}
 E - 2 scrolls of blinking {unknown}
Potions
 e - a potion of invisibility
 h - 3 potions of lignification {unknown}
 k - a potion of might {unknown}
 n - a potion of flight {unknown}
 u - 4 potions of brilliance {unknown}
 v - 7 potions of heal wounds {unknown}
 w - 2 potions of mutation {unknown}
 x - 4 potions of curing
 z - 2 potions of magic {unknown}
 H - a potion of berserk rage {unknown}


   Skills:
 + Level 9.7 Fighting
 * Level 13.0 Axes
 + Level 9.3 Armour
 + Level 8.5 Dodging


You had 9 spell levels left.
You didn't know any spells.
Your spell library was empty.

Dungeon Overview and Level Annotations

Branches:
Dungeon (9/15)             Temple (1/1) D:4            Lair (0/6) D:9
 Bailey (1/1)
    Orc: D:9-12

Altars:
Ashenzari
Cheibriados
Dithmenos
Elyvilon
Fedhas
Gozag
Hepliaklqana
Kikubaaqudgha
Makhleb
Nemelex Xobeh
Okawaru
Qazlal
Ru
Sif Muna
Trog
Uskayaw
Vehumet
Xom
Yredelemnul
Zin
The Shining One

Shops:
D:5 =   D:6 *[([:   D:7 ?


Innate Abilities, Weirdness & Mutations

You have a pair of horns on your head.
You reflexively headbutt those who attack you in melee.


Message History

You headbutt the orc warlord.
The orc warlord is heavily wounded.
The orc warlord hits you with a +3 war axe!!
You barely miss the orc warlord. Your headbutt misses the orc warlord.
The orc warlord is heavily wounded.
Storm clouds gather above the orc warlord.
The orc warlord hits you with a +3 war axe.
You hit the orc warlord.
The orc warlord looks as sick as possible!
The orc warlord is heavily wounded.
The orc warlord is struck by lightning.
The orc warlord hits you with a +3 war axe!!
* * * LOW HITPOINT WARNING * * *
You hit the orc warlord.
The orc warlord looks as sick as possible!
Your headbutt misses the orc warlord.
The orc warlord is heavily wounded.
You puncture the orc warlord! You headbutt the orc warlord.
The orc warlord is severely wounded.
The orc warlord completely misses you.
You hit the orc warlord.
The orc warlord looks as sick as possible!
You headbutt the orc warlord.
The orc warlord is almost dead.
The orc warlord is struck by lightning.
The orc warlord closely misses you. You furiously retaliate!
You headbutt the orc warlord, but do no damage.
You hit the orc warlord.
The orc warlord looks as sick as possible!
The orc warlord is almost dead.
Unknown command.
You hit the orc warlord but do no damage.
The orc warlord looks as sick as possible!
Your headbutt misses the orc warlord.
The orc warlord is almost dead.
You are no longer berserk.
You are exhausted.
You feel yourself slow down.
The orc warlord hits you with a +3 war axe!!
You die...

#..........o#...........#
###.......go###.........###
##.#'#.....###.###.....#'#.###
.....###.###.....###.###.....###
.......###)........###.........##
).......#..........##8..........#
).......#...........#8..........#
).⌠.....#..........)'..)..⌠....∩#
........#......o@...#8.)...)....#
........#..........##8..........#
.......###[........###.........##
...).###.###.....###.###.....###
##.#'#.)...###.###.....#)#.###
###...).....###.......).###
#...........#...).......#
#....)..[...#....)......#
#.....⌠....)#.))).⌠.....#


You could see an orc warlord (extremely poisoned).

Vanquished Creatures
  2 hornets
  Sigmund (D:2)
  A wyvern (D:8)
  Eustachio (D:4)
  6 yaks (D:8)
  A steam dragon (D:7)
  A water moccasin (D:6)
  10 orc warriors
  2 sky beasts
  A black bear (D:5)
  3 ice beasts
  An ogre (D:5)
  2 centaurs
  A phantom (D:5)
  Blork the orc (D:6)
  8 bullfrogs
  2 kobold brigands (D:7)
  3 scorpions
  8 wights
  9 killer bees
  An electric eel (D:7)
  4 orc priests
  A gnoll bouda (D:6)
  2 hounds
  2 jellies (D:5)
  5 orc wizards
  Terence (D:2)
  An iguana (D:6)
  Robin (D:4)
  21 gnolls
  10 adders
  A shadow imp (D:7)
  3 white imps
  An ufetubus (D:6)
  A worm (D:2)
  2 dart slugs
  32 orcs
  9 ball pythons
  4 endoplasms
  6 giant cockroaches
  26 hobgoblins
  9 jackals
  3 quokkas
  5 bats
  10 frilled lizards
  27 goblins
  15 kobolds
  5 rats
272 creatures vanquished.

Vanquished Creatures (collateral kills)
  4 orc warriors (Bailey)
  A gnoll (Bailey)
  A goblin (Bailey)
  A hobgoblin (Bailey)
7 creatures vanquished.

Vanquished Creatures (others)
  Psyche (D:8)
  2 plants
3 creatures vanquished.

Grand Total: 282 creatures vanquished

Notes
Turn   | Place    | Note
-------+----------+-------------------------------------------
     0 | D:1      | Zeld the Minotaur Berserker began the quest for the Orb.
     0 | D:1      | Reached XP level 1. HP: 19/19 MP: 0/0
   138 | D:1      | Found a faded altar of an unknown god.
   207 | D:1      | Reached XP level 2. HP: 18/27 MP: 1/1
   209 | D:1      | Reached skill level 4 in Axes
   582 | D:1      | Reached ** piety under Trog
  1237 | D:2      | Reached XP level 3. HP: 12/33 MP: 2/2
  1476 | D:2      | Found a stormy altar of Qazlal.
  1588 | D:2      | Noticed Terence
  1593 | D:2      | Killed Terence
  1594 | D:2      | Reached XP level 4. HP: 28/40 MP: 3/3
  1998 | D:2      | Noticed Sigmund
  2005 | D:2      | Killed Sigmund
  2006 | D:2      | Reached skill level 5 in Axes
  2006 | D:2      | Reached XP level 5. HP: 47/47 MP: 4/4
  2020 | D:2      | Reached XP level 6. HP: 55/55 MP: 5/5
  2957 | D:3      | Reached skill level 6 in Axes
  3547 | D:3      | Reached skill level 5 in Fighting
  3839 | D:4      | Found an opulent altar of Gozag.
  3847 | D:4      | Found a blossoming altar of Fedhas.
  3856 | D:4      | Found a hazy altar of Hepliaklqana.
  4168 | D:4      | Found a staircase to the Ecumenical Temple.
  4172 | Temple   | Entered the Ecumenical Temple
  4229 | D:4      | Noticed Eustachio
  4245 | D:4      | Killed Eustachio
  4246 | D:4      | Reached XP level 7. HP: 51/61 MP: 6/6
  4305 | D:4      | Found a stormy altar of Qazlal.
  4815 | D:4      | Noticed Robin
  4862 | D:4      | Killed Robin
  4864 | D:4      | Reached skill level 7 in Axes
  4871 | D:4      | Reached *** piety under Trog
  5374 | D:5      | Entered Level 5 of the Dungeon
  5417 | D:5      | Reached skill level 5 in Armour
  5623 | D:5      | Found Lulerphiwk's Jewellery Shoppe.
  5908 | D:5      | Found a sacrificial altar of Ru.
  5928 | D:5      | Reached skill level 8 in Axes
  5928 | D:5      | Reached skill level 5 in Dodging
  5928 | D:5      | Reached XP level 8. HP: 47/70 MP: 7/7
  6312 | D:5      | Reached **** piety under Trog
  7027 | D:6      | Reached skill level 9 in Axes
  7168 | D:6      | Found an ancient bone altar of Kikubaaqudgha.
  7219 | D:6      | Noticed Blork the orc
  7247 | D:6      | Killed Blork the orc
  7259 | D:6      | Found Sysegorch's Gadget Gallery.
  7268 | D:6      | Bought a wand of roots (8) for 168 gold pieces
  7321 | D:6      | Found a snail-covered altar of Cheibriados.
  7366 | D:6      | Found Bohufoji's Weapon Emporium.
  7367 | D:6      | Found Joydoot's Antique Armour Emporium.
  7367 | D:6      | Found Oddel's Armour Emporium.
  7368 | D:6      | Found Luegimo's Book Emporium.
  7492 | D:6      | Reached XP level 9. HP: 18/79 MP: 8/8
  8502 | D:6      | Reached skill level 10 in Axes
  9142 | D:7      | Found Veodarph's Magic Scroll Boutique.
  9146 | D:7      | Bought a scroll of identify for 26 gold pieces
  9146 | D:7      | Bought a scroll of identify for 26 gold pieces
  9146 | D:7      | Bought a scroll of magic mapping for 45 gold pieces
  9146 | D:7      | Bought a scroll of fear for 45 gold pieces
  9148 | D:7      | Identified a scroll of acquirement
  9155 | D:7      | Acquired the +3 crown of Dyrovepreva {rElec Int+2 SInv}
  9155 | D:7      | Found the +3 crown of Dyrovepreva {rElec Int+2 SInv}
  9520 | D:7      | Reached skill level 11 in Axes
  9549 | D:7      | Identified the +6 quarterstaff of the Establishment {venom,
                  | Dex+3 Stlth+}
  9735 | D:7      | Found a white marble altar of Elyvilon.
 10309 | D:8      | Reached XP level 10. HP: 90/90 MP: 9/9
 10764 | D:8      | Noticed Psyche
 10772 | D:8      | Killed Psyche
 10773 | D:8      | Reached skill level 12 in Axes
 11718 | D:8      | Found a bloodstained altar of Trog.
 11886 | D:9      | Found a flagged portal.
 12003 | Bailey   | Entered a bailey
 13311 | Bailey   | Reached skill level 13 in Axes
 13358 | Bailey   | Acquired 749 gold pieces
 13731 | Bailey   | Noticed an orc warlord
 13754 | Bailey   | Slain by an orc warlord

Illustrated notes

Levels and vault maps discovered:
D:1:      co_arrival_random_square_maze, layout_basic, basic_ecumenical_altar
D:2:      layout_loops_ring, basic_altar, fountainhead, uniq_sigmund,
          uniq_terence
D:3:      layout_basic
D:4:      corexii_shack_village, layout_cave_pools,
          mainiacjoe_overflow_alcove_4, nicolae_overflow_hidden_temple,
          minmay_temple_entry_glassed_door, minivault_25,
          kennysheep_generic_room_16, uniq_robin, uniq_eustachio
D:5:      layout_cave_pools, lemuel_doored_altar, serial_gnoll_camp,
          gnoll_camp_mini_shop, gnoll_camp_huts_moat, gnoll_camp_mini_house,
          gnoll_camp_mini_shop, gammafunk_ghost_mausoleum, corexii_checkpoint_a,
          uniq_grinder, uniq_crazy_yiuf_cottage
D:6:      layout_gridville, lemuel_tele_altar,
          mainiacjoe_overflow_surrounded_room, portal_sewer_entry_c,
          eino_tiny_chamber, minmay_shop_grid_forest, nicolae_shop_gadgets,
          uniq_blork_the_orc
D:7:      layout_loops_ring, nicolae_elyvilon_temple_path, serial_shops, shop
D:8:      layout_loops_ring, kennysheep_little_box, uniq_psyche
D:9:      minmay_tri_box, layout_small_grid, david_lair_shrubbed,
          enter_bailey_5, minmay_misc_feat_five, due_unseen_surprise
Temple:   nicolae_temple_ecumenical_triangle
Bailey:   bailey_axe_minmay_hex_keep, bailey

Skill      XL: |  1  2  3  4  5  6  7  8  9 10 |
---------------+-------------------------------+-----
Axes           | 4 5 6 8 9 11 13 | 13.0
Fighting       | 4 5 6 7 8 9 |  9.7
Armour         | 3 4 5 6 8 9 |  9.3
Dodging        | 3 4 5 6 7 8 |  8.5

Action                   |  1- 3 |  4- 6 |  7- 9 | 10-12 || total
-------------------------+-------+-------+-------+-------++-------
Melee: Hand axe          |    66 |    55 |       |       ||   121
       Headbutt          |     8 |    36 |   112 |    50 ||   206
       Punch             |       |     3 |     5 |     3 ||    11
       Dagger            |       |    93 |   465 |   251 ||   809
Invok: Berserk           |     1 |     2 |     4 |     1 ||     8
       Trog's Hand       |       |       |     1 |     1 ||     2
       Brothers in Arms  |       |       |       |     3 ||     3
  Use: Scroll            |       |       |     8 |     7 ||    15
Armor: Animal skin       |    12 |       |       |       ||    12
       Plate armour      |    27 |    97 |   342 |   108 ||   574
       Robe              |       |       |       |     7 ||     7
Dodge: Dodged            |    30 |    45 |   253 |   145 ||   473

Table legend: (Time is in decaauts)
 A = Elapsed time spent in this place.
 B = Non-inter-level travel time spent in this place.
 C = Inter-level travel time spent in this place.
 D = Time resting spent in this place.
 E = Time spent auto-exploring this place.
 F = Levels seen in this place.
 G = Mean time per level.
                   A        B        C        D        E       F      G
               +--------+--------+--------+--------+--------+-----+--------+
         Total |  13841 |  13517 |    324 |   3302 |   7721 |  11 | 1258.3 |
       Dungeon |  11621 |  11312 |    309 |   2082 |   7176 |   9 | 1291.2 |
        Temple |    476 |    461 |     15 |    178 |    257 |   1 |  476.0 |
        Bailey |   1743 |   1743 |      0 |   1041 |    288 |   1 | 1743.0 |
               +--------+--------+--------+--------+--------+-----+--------+

Top non-repeatable levels by time:
     D:6: 2065 daAuts
  Bailey: 1743 daAuts
     D:8: 1689 daAuts
     D:7: 1440 daAuts
     D:2: 1340 daAuts
     D:4: 1281 daAuts
     D:1: 1233 daAuts
     D:3: 1191 daAuts
     D:5: 1174 daAuts
  Temple: 476 daAuts
     D:9: 204 daAuts
